 Dungeon Crawl Stone Soup version 0.21.1-1-g345015f (webtiles) character file.

499 prawnwizard the Chopper (level 6, 0/84 HPs)
             Began as a Minotaur Berserker on July 1, 2018.
             Was a Priest of Trog.
             Slain by a gnoll
             ... wielding a +0 spear
              (2 damage)
             ... on level 4 of the Dungeon.
             The game lasted 00:03:43 (3506 turns).

prawnwizard the Chopper (Minotaur Berserker)        Turns: 3506, Time: 00:03:43

Health: 0/84       AC:  5    Str: 29    XL:     6   Next: 94%
Magic:  5/5        EV: 12    Int:  7    God:    Trog [***...]
Gold:   194        SH:  0    Dex:  9    Spells: 5/5 levels left

rFire    . . .     SeeInvis .   a - +0 hand axe
rCold    . . .     Gourm    .   (no shield)
rNeg     . . .     Faith    .   i - +0 ring mail (curse)
rPois    .         Spirit   .   o - +0 hat {Int+3}
rElec    .         Reflect  .   (no cloak)
rCorr    .         Harm     .   (no gloves)
MR       .....                  (no boots)
Stlth    ..........             (no amulet)
HPRegen  0.24/turn              (no ring)
MPRegen  0.09/turn              (no ring)

@: berserking, very quick
A: retaliatory headbutt, horns 2
a: Berserk, Trog's Hand, Burn Spellbooks, Renounce Religion


You were on level 4 of the Dungeon.
You worshipped Trog.
Trog was most pleased with you.
You were near starving.

You visited 1 branch of the dungeon, and saw 4 of its levels.

You collected 194 gold pieces.

Inventory:

Hand Weapons
 a - a +0 hand axe (weapon)
Armour
 i - a cursed +0 ring mail (worn)
 o - a +0 hat of intelligence (worn)
 p - a +0 chain mail
Jewellery
 b - an uncursed amulet of magic regeneration {unknown}
Wands
 n - a wand of clouds (3)
Scrolls
 d - a scroll of teleportation {unknown}
 e - 2 scrolls of enchant armour {unknown}
 f - 3 scrolls of immolation {unknown}
 g - a scroll of fear {unknown}
 j - 5 scrolls of remove curse {unknown}
 k - a scroll of identify {unknown}
 l - a scroll of noise {unknown}
 r - a scroll of enchant weapon {unknown}
Potions
 h - a potion of lignification {unknown}
 m - 2 potions of haste {unknown}
 q - a potion of flight {unknown}
 s - a potion of invisibility {unknown}
Comestibles
 c - 4 rations


   Skills:
 + Level 5.4 Fighting
 * Level 6.7 Axes
 + Level 4.3 Armour
 + Level 4.0 Dodging


You had 5 spell levels left.
You didn't know any spells.

Dungeon Overview and Level Annotations

Branches:
Dungeon (4/15)
 Temple: D:4-7

Altars:
Okawaru
Xom
Zin
The Shining One


Innate Abilities, Weirdness & Mutations

You reflexively headbutt those who attack you in melee.
You have a pair of horns on your head.


Message History

The gnoll hits you with a spear.
* * * LOW HITPOINT WARNING * * *
The iguana hisses menacingly.
The iguana bites you.
* * * LOW HITPOINT WARNING * * *
The gnoll barely misses you. The gnoll closely misses you.
Found a spear.
Things that are here:
a trident; a flail; an orc corpse A red film seems to cover your vision as you go berserk!
You feel yourself moving faster!
You feel mighty!
You are near starving!
The gnoll barely misses you. The iguana barely misses you.
You furiously retaliate!
You headbutt the iguana!!
You kill the iguana!
Trog accepts your kill.
The gnoll hits you from afar with a halberd!
* * * LOW HITPOINT WARNING * * *
The gnoll hits you with a spear.
You die...

#.# #.. #......... #.#
#..# #.......#. #.# ..
.# ######...) #.# #.#
#.# #.#.) #.. .. #.#
#.#.# ###### ######.##.#
#.#.. .....# ........#.#
#.#.. .....# ......g.#.#
#.#.. .....# .....gg@..#
#.#.# .....# .......#.?#
#.#.. ######
.......#..##########.##.
#
.).....#.............###
##
########.>#########...##
.# ### #### #..... .#
#<# ##.... .# #####.#
##### .# #.....#


You could see 3 gnolls.

Vanquished Creatures
  A scorpion (D:4)
  2 hounds (D:4)
  An orc wizard (D:4)
  2 orc priests (D:4)
  2 iguanas (D:4)
  Ijyb (D:3)
  A worker ant (D:4)
  A hound skeleton (D:4)
  A gnoll (D:4)
  8 adders
  An adder skeleton (D:4)
  5 worms
  2 dart slugs
  A leopard gecko (D:2)
  17 orcs (D:4)
  2 giant cockroaches
  5 goblins
  5 hobgoblins
  3 jackals (D:3)
  6 bats
  3 frilled lizards
  7 kobolds
  7 rats
84 creatures vanquished.

Notes
Turn   | Place    | Note
-------+----------+-------------------------------------------
     0 | D:1      | prawnwizard the Minotaur Berserker began the quest for the Orb.
     0 | D:1      | Reached XP level 1. HP: 19/19 MP: 0/0
   283 | D:1      | Reached skill level 4 in Axes
   308 | D:1      | Reached XP level 2. HP: 15/27 MP: 1/1
   858 | D:2      | HP: 1/27 [worm (9)]
  1317 | D:2      | Reached XP level 3. HP: 33/33 MP: 2/2
  1374 | D:2      | Reached ** piety under Trog
  1631 | D:2      | Reached XP level 4. HP: 40/40 MP: 3/3
  1678 | D:2      | Reached skill level 5 in Axes
  2092 | D:3      | Noticed Ijyb
  2119 | D:3      | Killed Ijyb
  2119 | D:3      | Reached XP level 5. HP: 29/47 MP: 4/4
  2180 | D:3      | Found an iron altar of Okawaru.
  2186 | D:3      | Found a glowing silver altar of Zin.
  2190 | D:3      | Found a glowing golden altar of the Shining One.
  2336 | D:3      | Found a shimmering altar of Xom.
  3040 | D:4      | Reached skill level 5 in Fighting
  3041 | D:4      | Reached XP level 6. HP: 51/56 MP: 5/5
  3046 | D:4      | Reached skill level 6 in Axes
  3200 | D:4      | Reached *** piety under Trog
  3506 | D:4      | HP: 2/84 [gnoll/halberd (16)]
  3506 | D:4      | Slain by a gnoll

Skill      XL: |  1  2  3  4  5  6 |
---------------+-------------------+-----
Axes           | 4 5 6 |  6.7
Fighting       | 4 5 |  5.4
Armour         | 3 4 |  4.3
Dodging        | 3 4 |  4.0

Action                   |  1- 3 |  4- 6 || total
-------------------------+-------+-------++-------
Melee: Hand axe          |    64 |   160 ||   224
       Headbutt          |    13 |    24 ||    37
Invok: Burn Spellbooks   |     1 |       ||     1
       Berserk           |       |     1 ||     1
  Eat: Chunk             |     2 |     2 ||     4
       Ration            |       |     1 ||     1
Armor: Animal skin       |     1 |       ||     1
       Ring mail         |    14 |    41 ||    55
Dodge: Dodged            |    32 |    98 ||   130
